 Dungeon Crawl Stone Soup version 0.23-a0-831-g5da158a (console) character file.

669 Duffy the Chopper (level 7, -2/62 HPs)
             Began as a Naga Fighter on Jan 23, 2019.
             Slain by a gnoll sergeant
             ... wielding a +0 spear
              (7 damage)
             ... on level 6 of the Dungeon.
             The game lasted 00:03:26 (2494 turns).

Duffy the Chopper (Naga Fighter)                    Turns: 2494, Time: 00:03:27

Health: -2/62      AC:  7    Str: 19    XL:     7   Next: 58%
Magic:  16/16      EV:  7    Int: 10    God:
Gold:   120        SH:  9    Dex: 10    Spells: 6/6 levels left

rFire    + . .     SeeInvis +   a - +0 war axe
rCold    . . .     Gourm    .   c - +0 shield
rNeg     . . .     Faith    .   w - +0 ring mail of the Wasteland {rF+ MR- Regen+} (curse)
rPois    +         Spirit   .   v - +0 helmet
rElec    .         Reflect  .   (no cloak)
rCorr    .         Harm     .   h - +0 pair of gloves
MR       .....                  (no barding)
Stlth    ..........             (no amulet)
HPRegen  0.60/turn              l - +2 ring of slaying
MPRegen  0.15/turn              t - ring of magical power

@: very slow
A: large, see invisible, deformed body, poison resistance, slowness 2, slow
metabolism 1, spit poison 1, AC +2
a: Spit Poison


You were on level 6 of the Dungeon.
You were not hungry.

You visited 1 branch of the dungeon, and saw 6 of its levels.

You collected 120 gold pieces.

Inventory:

Hand Weapons
 a - a +0 war axe (weapon)
Armour
 b - a +0 scale mail
 c - a +0 shield (worn)
 h - a +0 pair of gloves (worn)
 v - a +0 helmet (worn)
 w - the cursed +0 ring mail of the Wasteland (worn) {rF+ MR- Regen+}
   (You found it on level 6 of the Dungeon)

   It protects you from fire.
   It affects your resistance to hostile enchantments.
   It increases your rate of regeneration.
   It has a curse placed upon it.
Jewellery
 e - an uncursed ring of fire
 l - a +2 ring of slaying (left hand)
 t - a ring of magical power (right hand)
Wands
 k - a wand of iceblast (8)
 u - a wand of random effects (23)
Scrolls
 g - 3 scrolls of teleportation {unknown}
 i - 2 scrolls of magic mapping {unknown}
 j - 4 scrolls of remove curse {unknown}
 s - a scroll of vulnerability {unknown}
Potions
 d - a potion of might
 m - a potion of lignification {unknown}
 n - a potion of mutation {unknown}
 o - 2 potions of degeneration {unknown}
 q - a potion of cancellation {unknown}
 r - a potion of brilliance {unknown}
Comestibles
 f - 3 rations


   Skills:
 - Level 3.0 Fighting
 + Level 6.0 Axes
 - Level 2.4 Armour
 + Level 5.3 Shields


You had 6 spell levels left.
You didn't know any spells.
Your spell library contained the following spells:

 Spells                   Type           Power        Failure   Level  Hunger
 Confusing Touch          Hex            #.....       82%         1    ##.....
 Confuse                  Hex            #.......     99%         3    ####...
 Gell's Gravitas          Tloc           #.........   99%         3    ####...
 Petrify                  Tmut/Erth      #.......     100%        4    #####..
 Metabolic Englaciation   Hex/Ice        #.........   100%        5    ######.
 Yara's Violent Unravell  Hex/Tmut       #.........   100%        5    ######.


Dungeon Overview and Level Annotations

Branches:
Dungeon (6/15)
 Temple: D:4-7

Altars:
Dithmenos
Hepliaklqana
Kikubaaqudgha


Innate Abilities, Weirdness & Mutations

You cannot wear boots.
Your serpentine skin is tough. (AC +2)
You have supernaturally acute eyesight. (SInv)
Armour fits poorly on your strangely shaped body.
Your system is resistant to poisons. (rPois)
You cover ground very slowly.
You have a slow metabolism.
You can spit poison.


Message History

You slash the gnoll sergeant!
The gnoll sergeant is heavily wounded.
You block the gnoll sergeant's attack.
You closely miss the gnoll sergeant.
The gnoll sergeant is heavily wounded.
The gnoll sergeant hits you but does no damage.
You completely miss the gnoll sergeant.
The gnoll sergeant is heavily wounded.
The gnoll sergeant hits you with a +0 spear!
You block the gnoll sergeant's attack.
You hit the gnoll sergeant.
The gnoll sergeant is severely wounded.
The gnoll sergeant hits you with a +0 spear.
You barely miss the gnoll sergeant.
The gnoll sergeant is severely wounded.
You block the gnoll sergeant's attack.
You hit the gnoll sergeant but do no damage.
The gnoll sergeant is severely wounded.
The gnoll sergeant hits you with a +0 spear!
You die...

####...############
+.................##
####...########....##
#..## #.....# #.##
#....## #..# #...##
##.# #..## #.#
#..####.# #@#
#.......# . #g#
##.###### ... #g# #.#
....g####g# ##.######
.....g...g# #.<......
......##### ##.######
..... ### .... ###


You could see a gnoll sergeant and 3 gnolls.

Vanquished Creatures
  Sigmund (D:4)
  2 ogres
  Blork the orc (D:5)
  A scorpion (D:4)
  A hound (D:5)
  An orc wizard (D:3)
  2 worker ants
  A howler monkey zombie (D:6)
  5 gnolls
  An adder (D:2)
  A worm (D:2)
  A dart slug (D:2)
  A leopard gecko (D:3)
  5 orcs
  3 bats
  2 giant cockroaches
  3 goblins (D:3)
  2 hobgoblins
  6 jackals
  2 quokkas
  A ball python (D:4)
  5 frilled lizards
  A kobold (D:3)
  2 rats
51 creatures vanquished.

Notes
Turn   | Place    | Note
-------+----------+-------------------------------------------
     0 | D:1      | Duffy the Naga Fighter began the quest for the Orb.
     0 | D:1      | Reached XP level 1. HP: 21/21 MP: 1/1
   149 | D:2      | Reached XP level 2. HP: 24/28 MP: 2/2
   283 | D:2      | Reached XP level 3. HP: 8/34 MP: 3/3
   539 | D:3      | Noticed an ogre
   546 | D:3      | Killed an ogre
   546 | D:3      | Reached skill level 3 in Axes
   546 | D:3      | Reached XP level 4. HP: 11/42 MP: 4/4
   786 | D:3      | Reached XP level 5. HP: 46/49 MP: 5/5
   810 | D:3      | Reached skill level 4 in Axes
   968 | D:3      | Found a shadowy altar of Dithmenos.
  1065 | D:3      | Found a hazy altar of Hepliaklqana.
  1242 | D:4      | Noticed Sigmund
  1256 | D:4      | Killed Sigmund
  1256 | D:4      | Reached XP level 6. HP: 44/56 MP: 6/6
  1362 | D:4      | Reached skill level 5 in Axes
  1532 | D:4      | Reached XP level 7. HP: 44/62 MP: 7/7
  1659 | D:5      | Entered Level 5 of the Dungeon
  1833 | D:5      | Found an ancient bone altar of Kikubaaqudgha.
  1855 | D:5      | Reached skill level 5 in Shields
  2275 | D:5      | Noticed Blork the orc
  2284 | D:5      | Killed Blork the orc
  2431 | D:6      | Got a translucent ring mail
  2442 | D:6      | Identified the cursed +0 ring mail of the Wasteland {rF+
                  | MR- Regen+} (You found it on level 6 of the Dungeon)
  2474 | D:6      | Reached skill level 6 in Axes
  2492 | D:6      | HP: 3/62 [gnoll sergeant/+0 spear (4)]
  2494 | D:6      | Slain by a gnoll sergeant

Vault maps used:
D:1:      evilmike_arrival_fibonacci_small
D:2:      minmay_tetromino_i2
D:3:      lemuel_doored_altar, nicolae_overflow_crystal_walls,
          gammafunk_temple_overflow_statue, uniq_natasha
D:4:      minmay_temple_entry_stoned_glass, first_ration, uniq_sigmund,
          uniq_ijyb
D:5:      basic_altar, uniq_blork_the_orc
D:6:      marbit_many_paths, uniq_edmund, uniq_duvessa

Skill      XL: |  1  2  3  4  5  6  7 |
---------------+----------------------+-----
Axes           | 3 4 5 6 |  6.0
Shields        | 3 4 5 |  5.3
Fighting       | |  3.0
Armour         | |  2.4

Action                   |  1- 3 |  4- 6 |  7- 9 || total
-------------------------+-------+-------+-------++-------
Melee: War axe           |    41 |    72 |    59 ||   172
 Abil: Spit Poison       |     5 |     5 |     3 ||    13
  Eat: Chunk             |       |     2 |     2 ||     4
Armor: Scale mail        |    21 |    31 |    11 ||    63
       Ring mail         |       |       |     6 ||     6
Dodge: Dodged            |    21 |     8 |    14 ||    43
Block: Shield            |    24 |    26 |    40 ||    90

Table legend:
 A = Non-vault XP
 B = Vault XP
 C = Vault XP percentage of total XP
 D = Non-vault monster count
 E = Vault monster count
 F = Vault count percentage of total count
                 A         B        C        D         E       F
            +---------+---------+-------+---------+---------+-------
      Total |     634 |     322 |  33.7 |      49 |       2 |   3.9
            +---------+---------+-------+---------+---------+-------
        D:1 |       2 |       0 |   0.0 |       1 |       0 |   0.0
        D:2 |      32 |       0 |   0.0 |       9 |       0 |   0.0
        D:3 |     197 |       0 |   0.0 |      21 |       0 |   0.0
        D:4 |     235 |     223 |  48.7 |       9 |       1 |  10.0
        D:5 |     136 |      99 |  42.1 |       7 |       1 |  12.5
        D:6 |      32 |       0 |   0.0 |       2 |       0 |   0.0
            +---------+---------+-------+---------+---------+-------
